 Dungeon Crawl Stone Soup version 0.24.0-35-gdb84b6a5db (webtiles) character file.

Game seed: 8862600723214382269, levelgen mode: deterministic

14509 Mesmaeker13 the Destroyer (level 11, -1/66 HPs)
             Began as a Pale Draconian Conjurer on Nov 20, 2019.
             Was a Believer of Hepliaklqana.
             Slain by a white ugly thing (32 damage)
             ... on level 12 of the Dungeon.
             The game lasted 00:22:50 (15860 turns).

Mesmaeker13 the Destroyer (DrCj)                   Turns: 15860, Time: 00:22:50

Health: -1/66      AC: 11    Str: 11    XL:     11   Next: 89%
Magic:  6/18       EV: 15    Int: 19    God:    Hepliaklqana [**....]
Gold:   696        SH: 11    Dex: 11    Spells: 9/20 levels left

rFire    . . .     SeeInvis +   E - +3 trident (venom)
rCold    . . .     Gourm    .   D - +0 shield
rNeg     . . .     Faith    .   (armour unavailable)
rPois    +         Spirit   .   (helmet restricted)
rElec    .         Reflect  .   s - +2 cloak
rCorr    .         Harm     .   k - +0 pair of gloves
MR       .....                  (no boots)
Stlth    ++........             (no amulet)
HPRegen  0.21/turn              a - ring of see invisible
MPRegen  0.16/turn              f - ring of poison resistance

@: slowed, very slow
A: breathe steam, unfitting armour, reduced essence, mutation resistance 1,
cold-blooded, AC +7
a: Breathe Steam, Recall Ancestor, Ancestor Identity, Renounce Religion


You were on level 12 of the Dungeon.
You worshipped Hepliaklqana.
Hepliaklqana was pleased with you.
You were not hungry.

You visited 2 branches of the dungeon, and saw 13 of its levels.

You collected 696 gold pieces.

Inventory:

Hand Weapons
 E - a +3 trident of venom (weapon)
Missiles
 d - 29 poisoned darts (quivered)
Armour
 k - a +0 pair of gloves (worn)
 s - a +2 cloak (worn)
 w - a scarf of repulsion
 D - a +0 shield (worn)
Jewellery
 a - a ring of see invisible (left hand)
 f - a ring of poison resistance (right hand)
 v - an uncursed ring of flight
 A - a +1 ring of slaying
Wands
 c - a wand of flame (19)
 y - a wand of digging (8)
Scrolls
 g - 2 scrolls of teleportation
 h - 6 scrolls of remove curse
 j - 4 scrolls of amnesia
 l - 2 scrolls of fog
 n - a scroll of immolation
 p - 2 scrolls of blinking
 u - a scroll of holy word {unknown}
 B - a scroll of summoning {unknown}
Potions
 e - a potion of might
 i - 2 potions of agility
 o - a potion of cancellation
 t - a potion of curing {unknown}
 x - 4 potions of flight
 z - 2 potions of lignification
Comestibles
 b - 20 rations


   Skills:
 - Level 9.3 Dodging
 - Level 1.7 Stealth
 + Level 10.0 Shields
 - Level 5.0 Spellcasting
 + Level 11.8 Conjurations
 + Level 4.7 Hexes


You had 9 spell levels left.
You knew the following spells:

 Your Spells              Type           Power        Failure   Level  Hunger
a - Magic Dart            Conj           ####         1%          1    None
b - Searing Ray           Conj           #####.       1%          2    #......
c - Iskenderun's Mystic   Conj           #####...     1%          4    ####...
d - Fulminant Prism       Conj/Hex       #####.....   8%          4    ####...

Your spell library contained the following spells:

 Spells                   Type           Power        Failure   Level  Hunger
 Dazzling Spray           Conj/Hex       #####.       2%          3    ##.....
 Force Lance              Conj/Tloc      ####....     21%         4    ####...


Dungeon Overview and Level Annotations

Branches:
Dungeon (12/15)            Temple (1/1) D:7            Lair (0/6) D:10
    Orc (0/2) D:11

Altars:
Ashenzari
Cheibriados
Dithmenos
Elyvilon
Fedhas
Gozag
Hepliaklqana
Kikubaaqudgha
Makhleb
Nemelex Xobeh
Okawaru
Qazlal
Ru
Sif Muna
Trog
Uskayaw
Vehumet
Wu Jian
Xom
Yredelemnul
Zin
The Shining One

Shops:
D:10 [

Annotations:
D:10 1 exclusion


Innate Abilities, Weirdness & Mutations

You can breathe blasts of scalding, opaque steam.
Your pale cyan-grey scales are hard. (AC +7)
You cannot fit into any form of body armour.
You are cold-blooded and may be slowed by cold attacks.
Your life essence is reduced to manifest your ancestor. (-10% HP)
You are somewhat resistant to further mutation.


Message History

Really fire in your ally Xochipepe's direction?
The orb of energy hits the white ugly thing!!
The white ugly thing is severely wounded.
The orb of energy explodes!
The mystic blast hits the ice beast!!
You kill the ice beast!
The white ugly thing completely misses you.
Unknown command.
Casting: Iskenderun's Mystic Blast (safe; 1% risk of failure)
Confirm with . or Enter, or press ? or * to list all spells.
Aiming: Iskenderun's Mystic Blast (safe; 1% risk of failure)
Press: ? - help, Shift-Dir - straight line, f/p - white ugly thing
Aim: a white ugly thing (severely wounded, poisoned) Really fire in your ally Xochipepe's direction?
The orb of energy hits the white ugly thing!
The white ugly thing is severely wounded.
The orb of energy explodes!
The mystic blast hits Xochipepe!
Xochipepe is heavily damaged.
The white ugly thing bites you. The white ugly thing freezes you!!
You feel yourself slow down.
You die...

...####..........#
.....<##.........#
.<......<........#
.................#
..........R#..##.#
...........#...#.# ?......
...........#.....#........#
..###......###.#.#........#
..# #......# #.#@#.$......#
..# #......# #.#u#.........
..# #......# #..R##........
..# #......###...##........
..# #......#....>.'R.......
..# #...####.#.####Y.......
..# #...# #.#....Y........
..# #...# # #..##.........
### #...# #. ..........


You could see the friendly Xochipepe the knight and a white ugly thing.

Vanquished Creatures
  Fannar (D:10)
  A death knight (D:11)
  2 two-headed ogres
  2 unseen horrors
  2 cyclopes
  Maurice (D:8)
  A gargoyle (D:11)
  3 meliai
  3 hippogriffs
  A harpy skeleton (D:10)
  11 yaks
  A vampire (D:10)
  A hungry ghost (D:12)
  A steam dragon (D:10)
  A soldier ant (D:12)
  3 orc warriors
  A black bear (D:9)
  2 ice beasts
  4 phantoms
  A sky beast (D:11)
  A necrophage (D:8)
  2 ogres
  A centaur (D:7)
  A crocodile (D:12)
  2 bullfrogs
  A wyvern zombie (D:8)
  A water moccasin zombie (D:9)
  4 scorpions
  5 killer bees (D:10)
  2 wights
  2 howler monkeys (D:9)
  3 crimson imps
  2 bullfrog zombies (D:11)
  2 centaur zombies
  5 orc priests
  6 hounds
  A jelly (D:5)
  5 orc wizards
  2 centaur skeletons
  2 bullfrog skeletons
  Crazy Yiuf (D:2)
  Jessica (D:2)
  Terence (D:3)
  An iguana (D:6)
  6 worker ants
  A killer bee zombie (D:7)
  3 ogre zombies (D:11)
  A hound skeleton (D:7)
  A worker ant zombie (D:5)
  A howler monkey zombie (D:10)
  A howler monkey skeleton (D:4)
  9 adders
  3 shadow imps
  An ooze (D:6)
  An adder skeleton (D:4)
  An adder zombie (D:4)
  3 worms
  2 dart slugs
  5 leopard geckos
  16 orcs
  A ball python (D:3)
  5 bats
  10 giant cockroaches
  5 goblins
  13 hobgoblins
  7 jackals
  3 kobolds
  5 quokkas
  2 frilled lizards (D:3)
  A goblin skeleton (D:11)
  2 hobgoblin skeletons (D:11)
  2 hobgoblin zombies (D:11)
  A jackal zombie (D:8)
  A leopard gecko zombie (D:9)
  3 orc skeletons (D:11)
  7 orc zombies (D:11)
  A quokka zombie (D:6)
  4 rats
225 creatures vanquished.

Vanquished Creatures (collateral kills)
  A centaur zombie (D:11)
  3 yaks
  3 hungry ghosts
  A water moccasin (D:11)
  2 necrophages
  A phantom (D:10)
  2 centaurs (D:10)
  A bullfrog (D:8)
  A killer bee (D:9)
  2 howler monkeys (D:11)
  2 wights (D:9)
  A crimson imp (D:10)
  A hound (D:9)
  2 orc wizards
  An iguana (D:9)
  3 ogre zombies (D:11)
  2 mummies (D:8)
  An adder (D:11)
  2 orcs
  A jackal (D:11)
  A quokka (D:10)
  A goblin skeleton (D:11)
  A hobgoblin zombie (D:11)
  2 orc zombies (D:11)
38 creatures vanquished.

Vanquished Creatures (others)
  4 knights
  13 ancestors
  3 fulminant prisms
20 creatures vanquished.

Grand Total: 283 creatures vanquished

Notes
Turn   | Place    | Note
-------+----------+-------------------------------------------
     0 | D:1      | Mesmaeker13 the Draconian Conjurer began the quest for the
                  | Orb.
     0 | D:1      | Reached XP level 1. HP: 14/14 MP: 3/3
   522 | D:1      | Reached XP level 2. HP: 17/20 MP: 0/5
  1881 | D:2      | Found a runed translucent door.
  1882 | D:2      | Noticed Crazy Yiuf
  1953 | D:2      | Noticed Jessica
  1963 | D:2      | Killed Jessica
  1963 | D:2      | Reached XP level 3. HP: 26/26 MP: 2/7
  1967 | D:2      | Learned a level 2 spell: Searing Ray
  2053 | D:2      | Killed Crazy Yiuf
  2053 | D:2      | Reached XP level 4. HP: 33/33 MP: 4/8
  2256 | D:3      | Noticed Terence
  2329 | D:3      | Killed Terence
  2693 | D:3      | Found a shattered altar of Ashenzari.
  2707 | D:3      | Reached XP level 5. HP: 31/38 MP: 9/9
  3198 | D:4      | Reached skill level 5 in Conjurations
  3615 | D:4      | Reached XP level 6. HP: 36/45 MP: 1/11
  3673 | D:4      | Learned a level 4 spell: Iskenderun's Mystic Blast
  4758 | D:5      | Entered Level 5 of the Dungeon
  5186 | D:4      | Your scales start taking on a pale cyan-grey colour.
  5186 | D:4      | Reached XP level 7. HP: 21/50 MP: 13/13
  5472 | D:5      | Reached skill level 6 in Conjurations
  6045 | D:6      | Reached skill level 5 in Spellcasting
  6378 | D:6      | Reached skill level 5 in Dodging
  6461 | D:6      | Reached skill level 1 in Shields
  6519 | D:6      | Reached XP level 8. HP: 49/57 MP: 15/15
  7580 | D:7      | Reached skill level 7 in Conjurations
  7965 | D:7      | Found a staircase to the Ecumenical Temple.
  7981 | Temple   | Entered the Ecumenical Temple
  7991 | Temple   | Became a worshipper of Hepliaklqana the Forgotten
  8408 | D:8      | Noticed Maurice
  8423 | D:8      | Killed Maurice
  8713 | D:8      | Reached skill level 8 in Conjurations
  8713 | D:8      | Reached XP level 9. HP: 55/55 MP: 16/16
  8865 | D:8      | Reached * piety under Hepliaklqana
  9239 | D:9      | Reached skill level 5 in Shields
  9734 | D:9      | Reached skill level 9 in Conjurations
 10289 | D:10     | Entered Level 10 of the Dungeon
 10289 | D:10     | Noticed Fannar
 10298 | D:10     | Noticed a meliai
 10301 | D:10     | Noticed a meliai
 10302 | D:10     | Noticed a meliai
 10305 | D:10     | Killed Fannar
 10305 | D:10     | Reached XP level 10. HP: 47/62 MP: 8/17
 11086 | D:10     | Gained mutation: You are somewhat resistant to further
                  | mutation. [potion of mutation]
 11086 | D:10     | Reached skill level 10 in Conjurations
 11378 | D:10     | Found Hucashre's Armour Emporium.
 11401 | D:10     | HP: 2/62 [harpy skeleton (5)]
 11788 | D:10     | Noticed a two-headed ogre
 12438 | D:10     | Noticed a fire dragon
 12704 | D:10     | Killed a two-headed ogre
 12704 | D:10     | Reached XP level 11. HP: 16/66 MP: 9/18
 13099 | D:10     | Found a staircase to the Lair.
 13445 | D:11     | Learned a level 4 spell: Fulminant Prism
 13653 | D:11     | Found a staircase to the Orcish Mines.
 13751 | D:11     | Reached skill level 1 in Hexes
 13856 | D:11     | Reached ** piety under Hepliaklqana
 13859 | D:11     | Remembered your ancestor Xochipepe as a knight
 14115 | D:11     | Noticed a two-headed ogre
 14138 | D:11     | Killed a two-headed ogre
 14138 | D:11     | Reached skill level 11 in Conjurations
 14652 | D:11     | Noticed a death knight
 14720 | D:11     | Killed a death knight
 15166 | D:11     | Noticed an unseen horror
 15180 | D:11     | Killed an unseen horror
 15663 | D:12     | Noticed an unseen horror
 15677 | D:12     | Killed an unseen horror
 15677 | D:12     | Reached skill level 10 in Shields
 15849 | D:12     | Noticed a white ugly thing
 15860 | D:12     | Slain by a white ugly thing

Levels and vault maps discovered:
D:1:      dpeg_chamrin_arrival_tetris, layout_basic, chequers_big_river,
          minmay_bisected
D:2:      layout_rooms, first_ration, uniq_jessica, uniq_crazy_yiuf_cottage
D:3:      layout_rooms, ashenzari_altar_1, uniq_terence
D:4:      layout_basic
D:5:      layout_cave_pools
D:6:      layout_basic
D:7:      layout_loops_ring, temple_fountains
D:8:      layout_loops_ring, serial_undead, serial_undead_b, serial_undead_b,
          serial_undead_f, serial_undead_a, uniq_maurice
D:9:      layout_basic
D:10:     layout_rooms, minmay_lair_entry_lava, serial_shops,
          kennysheep_mini_moat, uniq_fannar
D:11:     layout_long_grid, zombieorc1_lemuel
D:12:     layout_basic
Temple:   dpeg_three_leaves_temple

Skill      XL: |  1  2  3  4  5  6  7  8  9 10 11 |
---------------+----------------------------------+-----
Dodging        | 2 3 4 5 6 8 9 |  9.3
Spellcasting   | 3 4 5 |  5.0
Conjurations   | 5 6 8 9 10 11 | 11.8
Shields        | 1 4 6 8 10 | 10.0
Hexes          | 4 |  4.7
Stealth        | |  1.7

Action                   |  1- 3 |  4- 6 |  7- 9 | 10-12 || total
-------------------------+-------+-------+-------+-------++-------
Melee: Unarmed           |    29 |       |       |       ||    29
       Tailslap          |     2 |     6 |    14 |    26 ||    48
       Trident           |     2 |   102 |   212 |   336 ||   652
Throw: Dart              |       |       |     2 |       ||     2
 Cast: Magic Dart        |    45 |    71 |    48 |     7 ||   171
       Searing Ray       |       |    15 |    22 |     8 ||    45
       Iskenderun's Myst |       |       |     1 |    12 ||    13
       Fulminant Prism   |       |       |       |     3 ||     3
Invok: Ancestor Life: Kn |       |       |       |     1 ||     1
 Abil: Breathe Steam     |       |       |    10 |     6 ||    16
Evoke: Wand              |     1 |     2 |     2 |     4 ||     9
  Use: Scroll            |     6 |       |     5 |     6 ||    17
       Potion            |       |     1 |     2 |    10 ||    13
 Stab: Sleeping          |       |     1 |     5 |     6 ||    12
       Distracted        |       |       |     1 |     1 ||     2
       Invisible         |       |       |     1 |       ||     1
  Eat: Chunk             |     4 |     8 |    10 |     6 ||    28
       Ration            |       |     1 |     2 |     5 ||     8
Armor: Skin              |    10 |    63 |    48 |   101 ||   222
Dodge: Dodged            |    34 |   109 |   156 |   217 ||   516
Block: Shield            |       |       |    30 |   195 ||   225
